| TOP OF THE 1ST |
|
Clinton Pilots batting - Pitching for Decatur Commodores : RHP Fred Howard
|
|
Pitching: RHP Fred Howard
|
|
|
Batting: RHB Danny Chairez
|
0-0: Ball 1-0: Called Strike 1-1: Foul Ball, location: 2F 1-2: Ball 2-2: Fly out, F7 (Flyball, 7D, EV 98.8 MPH)
|
|
Batting: RHB Tom Riley
|
0-0: Ball 1-0: Called Strike 1-1: Called Strike 1-2: Fly out, F4 (Line Drive, 4, EV 63.1 MPH)
|
|
Batting: SHB Alan Regier
|
0-0: Ball 1-0: Ball 2-0: Swinging Strike 2-1: Called Strike 2-2: Foul Ball, location: 2F 2-2: Foul Ball, location: 2F 2-2: Ball 3-2: Base on Balls
|
|
Batting: RHB Alberto Reyes
|
0-0: Ball 1-0: Ball 2-0: Ball 3-0: Called Strike 3-1: Foul Ball, location: 2F 3-2: Fly out, F6 (Flyball, 56D, EV 88.1 MPH)
|
| Top of the 1st over - 0 runs, 0 hits, 0 errors, 1 left on base; Clinton 0 - Decatur 0 |
| BOTTOM OF THE 1ST |
|
Decatur Commodores batting - Pitching for Clinton Pilots : RHP Mark Ciardi
|
|
Pitching: RHP Mark Ciardi
|
|
|
Batting: LHB Alexis Marte
|
0-0: Ball 1-0: SINGLE (Flyball, 5D, EV 88.8 MPH)
|
|
Batting: SHB Roger Holt
|
0-0: Called Strike 0-1: Swinging Strike 0-2: Ball 1-2: Fly out, F7 (Flyball, 7, EV 98.1 MPH)
|
|
Batting: SHB Daniel Wieser
|
0-0: Ball Alexis Marte steals 2nd base (no throw) 1-0: Foul Ball, location: 2F 1-1: Swinging Strike 1-2: Foul Ball, location: 2F 1-2: Foul Ball, location: 2F 1-2: Strikes out looking
|
|
Batting: LHB David Showalter
|
0-0: Foul Ball, location: 2F 0-1: Foul Ball, location: 2F 0-2: Ball 1-2: Fly out, F7 (Line Drive, 7, EV 96.3 MPH)
|
| Bottom of the 1st over - 0 runs, 1 hit, 0 errors, 1 left on base; Clinton 0 - Decatur 0 |
| TOP OF THE 2ND |
|
Clinton Pilots batting - Pitching for Decatur Commodores : RHP Fred Howard
|
|
Batting: RHB Joseph Rietano
|
0-0: Ball 1-0: Ball 2-0: Fly out, F7 (Line Drive, 7D, EV 90.0 MPH)
|
|
Batting: LHB Darryl Stephens
|
0-0: Ground out 1-3 (Groundball, P, EV 73.1 MPH)
|
|
Batting: RHB Barry Siebert
|
0-0: Called Strike 0-1: Fly out, F8 (Flyball, 8RD, EV 81.3 MPH)
|
| Top of the 2nd over - 0 runs, 0 hits, 0 errors, 0 left on base; Clinton 0 - Decatur 0 |
| BOTTOM OF THE 2ND |
|
Decatur Commodores batting - Pitching for Clinton Pilots : RHP Mark Ciardi
|
|
Batting: SHB Rondin Johnson
|
0-0: Swinging Strike 0-1: Foul Ball, location: 2F 0-2: Ball 1-2: Foul Ball, location: 2F 1-2: Ball 2-2: Ball 3-2: Foul Ball, location: 2F 3-2: Base on Balls
|
|
Batting: LHB Jerry Miller
|
0-0: Ball 1-0: Fly out, F8 (Flyball, 8LD, EV 90.0 MPH)
|
|
Batting: LHB Samuel Taves
|
0-0: Called Strike Rondin Johnson steals 2nd base 0-1: Ball 1-1: Ball 2-1: Called Strike 2-2: Strikes out swinging
|
|
Batting: RHB Rex Farrior
|
0-0: Called Strike 0-1: Ball 1-1: Called Strike 1-2: Ball 2-2: Foul Ball, location: 2F 2-2: Ball 3-2: Base on Balls
|
|
Batting: RHB William Kelley
|
0-0: Reached on error, E6 (Groundball, 6, EV 90.0 MPH) Rondin Johnson to third Rex Farrior to second
|
|
Batting: LHB Alexis Marte
|
0-0: Ground out 3-1 (Groundball, 34, EV 81.9 MPH)
|
| Bottom of the 2nd over - 0 runs, 0 hits, 1 error, 3 left on base; Clinton 0 - Decatur 0 |
| TOP OF THE 3RD |
|
Clinton Pilots batting - Pitching for Decatur Commodores : RHP Fred Howard
|
|
Batting: LHB Epifano Martinez
|
0-0: Called Strike 0-1: Ball 1-1: Swinging Strike 1-2: Ball 2-2: Ball 3-2: Base on Balls
|
|
Batting: RHB Paul Bradley
|
0-0: Ball 1-0: Ball 2-0: Foul Ball, location: 2F 2-1: Foul Ball, location: 2F 2-2: 2-RUN HOME RUN (Line Drive, 78XD, EV 105.0 MPH), Distance : 425 ft
|
|
Batting: RHB Danny Chairez
|
0-0: Called Strike 0-1: Ground out U3 (Groundball, 34S, EV 73.8 MPH)
|
|
Batting: RHB Tom Riley
|
0-0: Called Strike 0-1: Ground out 4-3 (Groundball, 4M, EV 106.9 MPH)
|
|
Batting: SHB Alan Regier
|
0-0: Ball 1-0: Ball 2-0: Called Strike 2-1: Ball 3-1: Base on Balls
|
|
Batting: RHB Alberto Reyes
|
0-0: Ball 1-0: Called Strike 1-1: Swinging Strike Alan Regier steals 2nd base 1-2: Ball 2-2: Foul Ball, location: 2F 2-2: Foul Ball, location: 2F 2-2: Ball 3-2: Fly out, F8 (Line Drive, 8RD, EV 109.4 MPH)
|
| Top of the 3rd over - 2 runs, 1 hit, 0 errors, 1 left on base; Clinton 2 - Decatur 0 |
| BOTTOM OF THE 3RD |
|
Decatur Commodores batting - Pitching for Clinton Pilots : RHP Mark Ciardi
|
|
Batting: SHB Roger Holt
|
0-0: Called Strike 0-1: Foul Ball, location: 2F 0-2: Ball 1-2: Fly out, F8 (Flyball, 8RM, EV 90.6 MPH)
|
|
Batting: SHB Daniel Wieser
|
0-0: Ball 1-0: Ground out 6-3 (Groundball, 6, EV 102.5 MPH)
|
|
Batting: LHB David Showalter
|
0-0: Ball 1-0: Foul Ball, location: 2F 1-1: SINGLE (Line Drive, 6M, EV 104.4 MPH)
|
|
Batting: SHB Rondin Johnson
|
0-0: Ball 1-0: Ball 2-0: Foul Ball, location: 2F 2-1: Called Strike 2-2: Foul Ball, location: 2F 2-2: Foul Ball, location: 2F 2-2: Strikes out swinging
|
| Bottom of the 3rd over - 0 runs, 1 hit, 0 errors, 1 left on base; Clinton 2 - Decatur 0 |
| TOP OF THE 4TH |
|
Clinton Pilots batting - Pitching for Decatur Commodores : RHP Fred Howard
|
|
Batting: RHB Joseph Rietano
|
0-0: Ball 1-0: Foul Ball, location: 2F 1-1: Ball 2-1: Fly out, F8 (Flyball, 8LM, EV 90.0 MPH)
|
|
Batting: LHB Darryl Stephens
|
0-0: Ball 1-0: Swinging Strike 1-1: Ground out 4-3 (Groundball, 4, EV 90.0 MPH)
|
|
Batting: RHB Barry Siebert
|
0-0: Ball 1-0: Swinging Strike 1-1: Foul Ball, location: 2F 1-2: Strikes out swinging
|
| Top of the 4th over - 0 runs, 0 hits, 0 errors, 0 left on base; Clinton 2 - Decatur 0 |
| BOTTOM OF THE 4TH |
|
Decatur Commodores batting - Pitching for Clinton Pilots : RHP Mark Ciardi
|
|
Batting: LHB Jerry Miller
|
0-0: Ball 1-0: Called Strike 1-1: Foul Ball, location: 2F 1-2: Ball 2-2: Strikes out swinging
|
|
Batting: LHB Samuel Taves
|
0-0: Ball 1-0: Swinging Strike 1-1: Foul Ball, location: 2F 1-2: Ball 2-2: Ball 3-2: Ground out 4-3 (Groundball, 4, EV 83.1 MPH)
|
|
Batting: RHB Rex Farrior
|
0-0: SINGLE (Groundball, 4MD, EV 103.8 MPH)
|
|
Batting: RHB William Kelley
|
0-0: Ball 1-0: Called Strike 1-1: Fielders Choice at 2nd, 6-4 (Groundball, 56, EV 88.8 MPH)
|
| Bottom of the 4th over - 0 runs, 1 hit, 0 errors, 1 left on base; Clinton 2 - Decatur 0 |
| TOP OF THE 5TH |
|
Clinton Pilots batting - Pitching for Decatur Commodores : RHP Fred Howard
|
|
Batting: LHB Epifano Martinez
|
0-0: Called Strike 0-1: Ball 1-1: Swinging Strike 1-2: SINGLE (Groundball, 4MD, EV 98.1 MPH)
|
|
Batting: RHB Paul Bradley
|
0-0: Called Strike 0-1: Bunted foul 0-2: Ball 1-2: Foul Ball, location: 2F 1-2: Ball 2-2: Foul Ball, location: 2F 2-2: DOUBLE (Groundball, 5L, EV 102.5 MPH) Epifano Martinez to third
|
|
Batting: RHB Danny Chairez
|
0-0: Ball 1-0: Called Strike 1-1: Ball 2-1: SINGLE (Groundball, 6D, EV 94.4 MPH) Epifano Martinez scores Paul Bradley to third
|
|
Batting: RHB Tom Riley
|
0-0: Ball 1-0: Ball 2-0: Reached on error, E5 (Groundball, 56, EV 81.3 MPH) Paul Bradley scores Danny Chairez to second
|
|
Batting: SHB Alan Regier
|
0-0: Ball 1-0: Ball 2-0: Ball 3-0: Base on Balls Danny Chairez to third Tom Riley to second
|
|
Pitching: LHP James Oates
|
|
|
Batting: RHB Alberto Reyes
|
0-0: DOUBLE (Line Drive, 7LS, EV 93.8 MPH) Danny Chairez scores Tom Riley scores Alan Regier to third Runner from 3rd tries for Home, SAFE, throw by LF to home
|
|
Batting: RHB Joseph Rietano
|
0-0: Foul Ball, location: 2F 0-1: Ball 1-1: Ball 2-1: Swinging Strike 2-2: Ball 3-2: Base on Balls
|
|
Batting: LHB Darryl Stephens
|
0-0: Foul Ball, location: 2F 0-1: Ball 1-1: Ball 2-1: SINGLE (Groundball, 6MS, EV 71.3 MPH) (infield hit) Alberto Reyes to third Joseph Rietano to second
|
|
Batting: RHB Barry Siebert
|
0-0: Ball 1-0: Ball 2-0: Ball 3-0: Called Strike 3-1: Foul Ball, location: 2F 3-2: Fly out, F5 (Line Drive, 5, EV 65.0 MPH)
|
|
Batting: LHB Epifano Martinez
|
0-0: Called Strike 0-1: Ball 1-1: Called Strike 1-2: Strikes out swinging
|
|
Batting: RHB Paul Bradley
|
0-0: Ball 1-0: Called Strike 1-1: Called Strike 1-2: Foul Ball, location: 2F 1-2: Ball 2-2: Foul Ball, location: 2F 2-2: Ball 3-2: Fly out, F3 (Popup, 3SF, EV 78.8 MPH)
|
| Top of the 5th over - 5 runs, 5 hits, 1 error, 3 left on base; Clinton 7 - Decatur 0 |
| BOTTOM OF THE 5TH |
|
Decatur Commodores batting - Pitching for Clinton Pilots : RHP Mark Ciardi
|
|
Batting: LHB Alexis Marte
|
0-0: Foul Ball, location: 2F 0-1: Ball 1-1: Foul Ball, location: 2F 1-2: Ball 2-2: Ball 3-2: SINGLE (Line Drive, 9LM, EV 98.1 MPH)
|
|
Batting: SHB Roger Holt
|
0-0: Ball 1-0: Foul Ball, location: 2F 1-1: Called Strike Alexis Marte steals 2nd base (no throw) 1-2: Ball 2-2: SINGLE (Groundball, 3D, EV 95.0 MPH) Alexis Marte to third Runner from 3rd tries for Home, SAFE, throw by RF to home
|
|
Batting: SHB Daniel Wieser
|
0-0: Foul Ball, location: 2F 0-1: Fielders Choice at 2nd, 1-6 (Groundball, 34S, EV 73.1 MPH)
|
|
Batting: LHB David Showalter
|
0-0: Ball 1-0: Ball 2-0: Grounds into double play, 5-4-3 (Groundball, 56, EV 83.8 MPH)
|
| Bottom of the 5th over - 1 run, 2 hits, 0 errors, 0 left on base; Clinton 7 - Decatur 1 |
| TOP OF THE 6TH |
|
Clinton Pilots batting - Pitching for Decatur Commodores : LHP James Oates
|
|
Batting: RHB Danny Chairez
|
0-0: Called Strike 0-1: Called Strike 0-2: Foul Ball, location: 2F 0-2: Foul Ball, location: 2F 0-2: Ball 1-2: Fly out, F9 (Flyball, 9, EV 80.6 MPH)
|
|
Batting: RHB Tom Riley
|
0-0: Foul Ball, location: 2F 0-1: Ball 1-1: Called Strike 1-2: Ball 2-2: Ball 3-2: Base on Balls
|
|
Pitching: RHP William Martin
|
|
|
Batting: SHB Alan Regier
|
0-0: Called Strike 0-1: Ball 1-1: Foul Ball, location: 2F 1-2: Foul Ball, location: 2F 1-2: Fly out, F9 (Flyball, 9S, EV 96.9 MPH)
|
|
Batting: RHB Alberto Reyes
|
0-0: Ball 1-0: Fly out, F8 (Flyball, 89XD, EV 106.3 MPH)
|
| Top of the 6th over - 0 runs, 0 hits, 0 errors, 1 left on base; Clinton 7 - Decatur 1 |
| BOTTOM OF THE 6TH |
|
Decatur Commodores batting - Pitching for Clinton Pilots : RHP Mark Ciardi
|
|
Batting: SHB Rondin Johnson
|
0-0: Ball 1-0: Called Strike 1-1: Foul Ball, location: 2F 1-2: Foul Ball, location: 2F 1-2: Foul Ball, location: 2F 1-2: Ball 2-2: Ball 3-2: Foul Ball, location: 2F 3-2: Fly out, F8 (Line Drive, 8LD, EV 92.5 MPH)
|
|
Batting: LHB Jerry Miller
|
0-0: Called Strike 0-1: Foul Ball, location: 2F 0-2: Foul Ball, location: 2F 0-2: Foul Ball, location: 2F 0-2: Ground out 4-3 (Groundball, 4, EV 82.5 MPH)
|
|
Batting: LHB Samuel Taves
|
0-0: Ball 1-0: Foul Ball, location: 2F 1-1: Swinging Strike 1-2: Strikes out swinging
|
| Bottom of the 6th over - 0 runs, 0 hits, 0 errors, 0 left on base; Clinton 7 - Decatur 1 |
| TOP OF THE 7TH |
|
Clinton Pilots batting - Pitching for Decatur Commodores : RHP William Martin
|
|
Batting: RHB Joseph Rietano
|
0-0: Ball 1-0: Foul Ball, location: 2F 1-1: Ball 2-1: Hit by Pitch
|
|
Batting: LHB Darryl Stephens
|
0-0: Swinging Strike 0-1: Ball Balk! Joseph Rietano to second 1-1: Called Strike 1-2: Fly out, F9 (Flyball, 9LD, EV 102.5 MPH)
|
|
Batting: RHB Barry Siebert
|
0-0: Ball 1-0: Called Strike 1-1: Ball 2-1: Called Strike 2-2: Foul Ball, location: 2F 2-2: Foul Ball, location: 2F 2-2: Foul Ball, location: 2F 2-2: Strikes out swinging
|
|
Batting: LHB Epifano Martinez
|
0-0: Ball 1-0: Foul Ball, location: 2F 1-1: Swinging Strike 1-2: Strikes out swinging
|
| Top of the 7th over - 0 runs, 0 hits, 0 errors, 1 left on base; Clinton 7 - Decatur 1 |
| BOTTOM OF THE 7TH |
|
Decatur Commodores batting - Pitching for Clinton Pilots : RHP Mark Ciardi
|
|
Batting: RHB Rex Farrior
|
0-0: Ball 1-0: SINGLE (Line Drive, 6D, EV 95.6 MPH)
|
|
Batting: RHB William Kelley
|
0-0: Ball 1-0: Fly out, F4 (Popup, 13, EV 90.6 MPH)
|
|
Batting: LHB Alexis Marte
|
0-0: Ball 1-0: Called Strike 1-1: Fielders Choice at 2nd, 4-6 (Groundball, 34, EV 90.0 MPH)
|
|
Batting: SHB Roger Holt
|
0-0: Called Strike 0-1: Ball 1-1: Foul Ball, location: 2F 1-2: DOUBLE (Line Drive, 78D, EV 108.8 MPH) Alexis Marte to third Runner from 3rd tries for Home, SAFE, throw by LF to trailing runner, SAFE at third!
|
|
Batting: SHB Daniel Wieser
|
0-0: Called Strike 0-1: Ball 1-1: Called Strike 1-2: Ball 2-2: Ball 3-2: Foul Ball, location: 2F 3-2: SINGLE (Line Drive, 4D, EV 96.9 MPH) Roger Holt scores
|
|
Pitching: RHP Mauro Pinto
|
|
|
Batting: LHB David Showalter
|
0-0: Called Strike 0-1: Called Strike 0-2: Ball 1-2: Foul Ball, location: 2F 1-2: Foul Ball, location: 2F 1-2: Ball 2-2: Ground out 6-3 (Groundball, 6M, EV 96.9 MPH)
|
| Bottom of the 7th over - 2 runs, 3 hits, 0 errors, 1 left on base; Clinton 7 - Decatur 3 |
| TOP OF THE 8TH |
|
Clinton Pilots batting - Pitching for Decatur Commodores : RHP William Martin
|
|
Batting: RHB Paul Bradley
|
0-0: Called Strike 0-1: Ball 1-1: Called Strike 1-2: Strikes out looking
|
|
Batting: RHB Danny Chairez
|
0-0: Ball 1-0: Called Strike 1-1: SINGLE (Line Drive, 34D, EV 96.3 MPH)
|
|
Pitching: RHP Ty Hubbard
|
|
|
Batting: RHB Tom Riley
|
0-0: Foul Ball, location: 2F 0-1: Called Strike 0-2: Ball 1-2: Ball 2-2: Grounds into double play, 6-4-3 (Groundball, 6, EV 90.6 MPH)
|
| Top of the 8th over - 0 runs, 1 hit, 0 errors, 0 left on base; Clinton 7 - Decatur 3 |
| BOTTOM OF THE 8TH |
|
Decatur Commodores batting - Pitching for Clinton Pilots : RHP Mauro Pinto
|
|
Batting: SHB Rondin Johnson
|
0-0: Fly out, F8 (Flyball, 78D, EV 83.1 MPH)
|
|
Batting: LHB Jerry Miller
|
0-0: Called Strike 0-1: Fly out, F8 (Flyball, 8RS, EV 88.1 MPH)
|
|
Batting: LHB Samuel Taves
|
0-0: Called Strike 0-1: Ball 1-1: Foul Ball, location: 2F 1-2: Ground out 6-3 (Groundball, P, EV 83.8 MPH)
|
| Bottom of the 8th over - 0 runs, 0 hits, 0 errors, 0 left on base; Clinton 7 - Decatur 3 |
| TOP OF THE 9TH |
|
Clinton Pilots batting - Pitching for Decatur Commodores : RHP Ty Hubbard
|
|
Pitching: RHP Luis Guzman
|
|
|
Batting: SHB Alan Regier
|
0-0: Ball 1-0: Called Strike 1-1: Called Strike 1-2: Ball 2-2: Foul Ball, location: 2F 2-2: Foul Ball, location: 2F 2-2: Foul Ball, location: 2F 2-2: Foul Ball, location: 2F 2-2: Ball 3-2: Foul Ball, location: 2F 3-2: Foul Ball, location: 2F 3-2: Foul Ball, location: 2F 3-2: SINGLE (Line Drive, 8LS, EV 87.5 MPH)
|
|
Batting: RHB Alberto Reyes
|
Pickoff Throw to First - Out! 1-3 0-0: Ball 1-0: Ball 2-0: Ball 3-0: Called Strike 3-1: DOUBLE (Line Drive, 8LXD, EV 103.8 MPH)
|
|
Batting: RHB Joseph Rietano
|
0-0: Ball 1-0: 2-RUN HOME RUN (Flyball, 78XD, EV 106.3 MPH), Distance : 431 ft
|
|
Batting: LHB Darryl Stephens
|
0-0: Ground out U3 (Groundball, 34, EV 92.5 MPH)
|
|
Batting: RHB Barry Siebert
|
0-0: Called Strike 0-1: Ball 1-1: Foul Ball, location: 2F 1-2: Strikes out swinging
|
| Top of the 9th over - 2 runs, 3 hits, 0 errors, 0 left on base; Clinton 9 - Decatur 3 |
| BOTTOM OF THE 9TH |
|
Decatur Commodores batting - Pitching for Clinton Pilots : RHP Mauro Pinto
|
|
Batting: RHB Rex Farrior
|
0-0: Ball 1-0: Foul Ball, location: 2F 1-1: Ball 2-1: Ball 3-1: Called Strike 3-2: Ground out 5-3 (Groundball, 5, EV 106.9 MPH)
|
|
Batting: RHB William Kelley
|
0-0: Called Strike 0-1: Foul Ball, location: 2F 0-2: Ball 1-2: Fly out, F7 (Flyball, 7S, EV 90.0 MPH)
|
|
Batting: LHB Alexis Marte
|
0-0: Ball 1-0: Ball 2-0: Called Strike 2-1: Called Strike 2-2: Ball 3-2: Base on Balls
|
|
Batting: SHB Roger Holt
|
0-0: Ball 1-0: Fly out, F8 (Flyball, 8LD, EV 97.5 MPH)
|
| Bottom of the 9th over - 0 runs, 0 hits, 0 errors, 1 left on base; Clinton 9 - Decatur 3 |
|